 Dungeon Crawl Stone Soup version 0.22-a0-355-g201945f (webtiles) character file.

11 Amnesiac the Shield-Bearer (level 2, 0/16 HPs)
             Began as a Vine Stalker Fighter on Apr 17, 2018.
             Slain by a hobgoblin (1 damage)
             ... on level 1 of the Dungeon.
             The game lasted 00:00:14 (69 turns).

Amnesiac the Shield-Bearer (Vine Stalker Fighter)     Turns: 69, Time: 00:00:14

Health: 0/16       AC:  6    Str: 18    XL:     2   Next: 25%
Magic:  0/3        EV:  7    Int:  8    God:
Gold:   12         SH:  9    Dex: 13    Spells: 1/1 levels left

rFire    . . .     SeeInvis .   a - +0 rapier
rCold    . . .     Gourm    .   c - +0 shield
rNeg     . . .     Faith    .   b - +0 scale mail
rPois    .         Spirit   +   (no helmet)
rElec    .         Reflect  .   (no cloak)
rCorr    .         Harm     .   (no gloves)
MR       .....                  (no boots)
Stlth    ..........             (no amulet)
HPRegen  0.05/turn              (no ring)
MPRegen  0.08/turn              (no ring)

@: no status effects
A: fangs 2, magic shield, antimagic bite, no potion heal 3, rot immunity
a: no special abilities


You were on level 1 of the Dungeon.
You were not hungry.

You visited 1 branch of the dungeon, and saw 1 of its levels.

You collected 12 gold pieces.

Inventory:

Hand Weapons
 a - a +0 rapier (weapon)
Armour
 b - a +0 scale mail (worn)
 c - a +0 shield (worn)
Scrolls
 e - a scroll of identify {!r, unknown}
Potions
 d - a potion of might {!q}
Comestibles
 f - a ration
 g - 3 chunks of flesh


   Skills:
 - Level 2.6 Fighting
 + Level 2.6 Short Blades
 - Level 2.4 Armour
 - Level 2.6 Shields


You had one spell level left.
You didn't know any spells.

Dungeon Overview and Level Annotations

Branches:
Dungeon (1/15)

Altars:


Innate Abilities, Weirdness & Mutations

You have extremely sharp teeth.
When hurt, damage is shared between your health and your magic reserves.
Your bite disrupts and absorbs the magic of your enemies.
Potions cannot restore your health.
You are immune to rotting.


Message History

A bat comes into view.
A bat is nearby!
A bat is nearby!
A leopard gecko comes into view.
The leopard gecko hisses angrily.
The bat hits you but does no damage.
A kobold comes into view. It is wielding a dagger.
You closely miss the bat.
The kobold shouts!
The bat hits you but does no damage.
The leopard gecko hisses menacingly.
A hobgoblin comes into view.
The hobgoblin shouts!
The bat hits you but does no damage. The bat completely misses you.
You block the bat's attack.
The leopard gecko bites you but does no damage.
Found 5 gold pieces.
Your shield and scale mail prevent you from hitting the leopard gecko.
You bite the leopard gecko. You drain its power.
You feel invigorated.
The leopard gecko is severely wounded.
The bat hits you but does no damage. You block the leopard gecko's attack.
The leopard gecko closely misses you. You block the kobold's attack.
You puncture the leopard gecko!
You kill the leopard gecko!
You block the bat's attack. The kobold hits you but does no damage.
You hit the kobold.
You kill the kobold!
You block the bat's attack. The hobgoblin hits you.
* * * LOW HITPOINT WARNING * * *
You closely miss the hobgoblin. You block the bat's attack.
The hobgoblin barely misses you.
You hit the bat but do no damage. The bat closely misses you.
The hobgoblin barely misses you.
You closely miss the hobgoblin. The bat hits you but does no damage.
The hobgoblin hits you.
* * * LOW HITPOINT WARNING * * *
You are too injured to fight recklessly!
You are too injured to fight recklessly!
You are too injured to fight recklessly!
You are too injured to fight recklessly!
You closely miss the hobgoblin.
You bite the hobgoblin, but do no damage.
The bat closely misses you. You block the hobgoblin's attack.
The hobgoblin completely misses you.
You hit the hobgoblin.
The hobgoblin is severely wounded.
You block the bat's attack.
The hobgoblin hits you but does no damage.
You hit the hobgoblin but do no damage.
The hobgoblin is severely wounded.
You block the bat's attack. The hobgoblin hits you.
* * * LOW HITPOINT WARNING * * *
You closely miss the hobgoblin.
The hobgoblin is severely wounded.
The bat hits you but does no damage. You block the hobgoblin's attack.
You block the bat's attack.
You hit the hobgoblin.
The hobgoblin is almost dead.
The bat hits you but does no damage. The hobgoblin closely misses you.
The bat hits you.
You closely miss the hobgoblin.
The hobgoblin is almost dead.
You block the bat's attack. The hobgoblin hits you.
You die...

.... ###..#...#####....
....
.....#.#.....#≈≈≈≈≈≈≈≈≈≈
................≈≈≈≈≈≈≈≈
..................≈≈≈≈≈≈
....................≈≈≈≈
....b........#........≈≈
......)g.....##.#.....≈≈
......†@.....##.......≈≈
.....................≈≈≈
.............##......≈≈≈
........$....##.....≈≈≈≈
$............##.#...≈≈..
.............##.#..≈....
.............##.#.......
.............##.##.##...
..........##.##.####.


You could see a hobgoblin and a bat.

Vanquished Creatures
  An ooze (D:1)
  2 leopard geckos (D:1)
  A goblin (D:1)
  A kobold (D:1)
5 creatures vanquished.

Notes
Turn   | Place    | Note
-------+----------+-------------------------------------------
     0 | D:1      | Amnesiac the Vine Stalker Fighter began the quest for the Orb.
     0 | D:1      | Reached XP level 1. HP: 11/11 MP: 2/2
    50 | D:1      | Reached XP level 2. HP: 8/16 MP: 1/3
    69 | D:1      | Slain by a hobgoblin

Vault maps used:
D:1:      onia_arrival_pentagram, wad_floor_pattern_1

Skill      XL: |  1 |
---------------+----+-----
Short Blades   | 2 |  2.6
Fighting       | |  2.6
Armour         | |  2.4
Shields        | |  2.6

Action                   || total
-------------------------++-------
Melee: Rapier            ||    27
       Bite              ||     6
Armor: Scale mail        ||    16
Dodge: Dodged            ||    14
Block: Shield            ||    19

Table legend:
 A = Spawn XP
 B = Non-spawn XP
 C = Spawn XP percentage of total XP
 D = Spawn monster count
 E = Non-spawn monster count
 F = Spawn count percentage of total count
 G = Total turns spent on level
                    A         B        C        D         E        F      G
               +---------+---------+-------+---------+---------+-------+---------
         Total |       0 |      16 |   0.0 |       0 |       5 |   0.0 |    69
               +---------+---------+-------+---------+---------+-------+---------
           D:1 |       0 |      16 |   0.0 |       0 |       5 |   0.0 |    69
               +---------+---------+-------+---------+---------+-------+---------
